3AAA
HIALEAH DODOS @ HAMILTON COYOTES
07/25/2026
 
TOP OF THE 1ST
Hialeah Dodos batting - Pitching for Hamilton Coyotes : RHP Marcos Mesa
Pitching: RHP Marcos Mesa
Batting: RHB Jorge Salgado 0-0: Called Strike
0-1: Ball
1-1: Ball
2-1: Foul Ball, location: 2F
2-2: SINGLE (Groundball, 6D)
Batting: RHB Armando García 0-0: Ball
1-0: Ball
2-0: Grounds into double play, 6-4-3 (Groundball, 6)
Batting: LHB Álex Burgos 0-0: Called Strike
0-1: SINGLE (Groundball, 3D)
Batting: LHB Errol Levick 0-0: Foul Ball, location: 2F
0-1: Foul Ball, location: 2F
0-2: Foul Ball, location: 2F
0-2: Ball
1-2: Ball
2-2: Ground out 4-3 (Groundball, 34)
Top of the 1st over - 0 run(s), 2 hit(s), 0 error(s), 1 left on base; Hialeah 0 - Hamilton 0
BOTTOM OF THE 1ST
Hamilton Coyotes batting - Pitching for Hialeah Dodos : RHP Sexto Rodríguez
Pitching: RHP Sexto Rodríguez
Batting: RHB Alfredo Cardenas 0-0: Called Strike
0-1: Ball
1-1: DOUBLE (Line Drive, 8LXD)
Batting: RHB José Icaza 0-0: Ball
1-0: Ball
2-0: Called Strike
2-1: Ball
3-1: Base on Balls
Batting: RHB Dani Trejo 0-0: Fly out, F7 (Flyball, 7LD)
Batting: RHB Wei-qiang Mo 0-0: DOUBLE (Line Drive, 7LD)
Alfredo Cardenas scores
José Icaza to third
Runner from 3rd tries for Home, SAFE, throw made home
Batting: LHB Tommy Sullivan 0-0: Ball
1-0: Foul Ball, location: 2F
1-1: Foul Ball, location: 2F
1-2: Ball
2-2: Ball
3-2: Foul Ball, location: 2F
3-2: Ground out 4-3 (Groundball, 4)
Wei-qiang Mo to third
Batting: RHB Júlio Rodríguez 0-0: Ball
1-0: Fly out, F9 (Flyball, 9S)
Bottom of the 1st over - 2 run(s), 2 hit(s), 0 error(s), 1 left on base; Hialeah 0 - Hamilton 2
TOP OF THE 2ND
Hialeah Dodos batting - Pitching for Hamilton Coyotes : RHP Marcos Mesa
Batting: RHB Zander Bailey 0-0: Called Strike
0-1: Ball
1-1: Ball
2-1: Ball
3-1: Base on Balls
Batting: LHB Johnny Hernández 0-0: Called Strike
0-1: Ball
1-1: Foul Ball, location: 2F
1-2: Ball
2-2: Fielders Choice at 2nd, 4-6 (Groundball, 4)
Batting: LHB Jeff Conklin 0-0: Called Strike
0-1: Ball
1-1: Called Strike
Johnny Hernández is caught stealing 2nd base
1-2: Ball
2-2: Foul Ball, location: 2F
2-2: Foul Ball, location: 2F
2-2: Ground out 3-1 (Groundball, 34)
Top of the 2nd over - 0 run(s), 0 hit(s), 0 error(s), 0 left on base; Hialeah 0 - Hamilton 2
BOTTOM OF THE 2ND
Hamilton Coyotes batting - Pitching for Hialeah Dodos : RHP Sexto Rodríguez
Batting: RHB Jon Erickson 0-0: Ball
1-0: Called Strike
1-1: Foul Ball, location: 2F
1-2: Ball
2-2: Strikes out swinging
Batting: LHB Tony Ríos 0-0: Ball
1-0: Fly out, F7 (Flyball, 7)
Batting: LHB Manuel Sánchez 0-0: Ball
1-0: Fly out, F9 (Flyball, 89XD)
Bottom of the 2nd over - 0 run(s), 0 hit(s), 0 error(s), 0 left on base; Hialeah 0 - Hamilton 2
TOP OF THE 3RD
Hialeah Dodos batting - Pitching for Hamilton Coyotes : RHP Marcos Mesa
Batting: RHB Daniel Ruíz 0-0: Called Strike
0-1: Swinging Strike
0-2: Ball
1-2: Ball
2-2: Strikes out looking
Batting: SHB Juan Ortega 0-0: Swinging Strike
0-1: Ball
1-1: Swinging Strike
1-2: Ground out 5-3 (Groundball, 5S)
Batting: RHB Jorge Salgado 0-0: Ball
1-0: Ball
2-0: SINGLE (Groundball, 34S) (infield hit)
Batting: RHB Armando García 0-0: Ball
1-0: Ball
Jorge Salgado steals 2nd base
2-0: Called Strike
2-1: Foul Ball, location: 2F
2-2: Ball
3-2: Foul Ball, location: 2F
3-2: SINGLE (Groundball, 56D)
Jorge Salgado to third
Jorge Salgado scores
Batting: LHB Álex Burgos 0-0: Ball
Armando García steals 2nd base
1-0: Fly out, F7 (Line Drive, 78S)
Top of the 3rd over - 1 run(s), 2 hit(s), 0 error(s), 1 left on base; Hialeah 1 - Hamilton 2
BOTTOM OF THE 3RD
Hamilton Coyotes batting - Pitching for Hialeah Dodos : RHP Sexto Rodríguez
Batting: RHB Alfredo Cardenas 0-0: Ball
1-0: Called Strike
1-1: Called Strike
1-2: Ball
2-2: Strikes out looking
Batting: RHB José Icaza 0-0: Ball
1-0: Swinging Strike
1-1: Swinging Strike
1-2: Ground out 6-3 (Groundball, 6)
Batting: RHB Dani Trejo 0-0: Called Strike
0-1: Foul Ball, location: 2F
0-2: Ground out 1-3 (Groundball, 13)
Bottom of the 3rd over - 0 run(s), 0 hit(s), 0 error(s), 0 left on base; Hialeah 1 - Hamilton 2
TOP OF THE 4TH
Hialeah Dodos batting - Pitching for Hamilton Coyotes : RHP Marcos Mesa
Batting: LHB Errol Levick 0-0: Ball
1-0: Ball
2-0: Ball
3-0: Called Strike
3-1: Foul Ball, location: 2F
3-2: Ground out 4-3 (Groundball, 4)
Batting: RHB Zander Bailey 0-0: Ball
1-0: Called Strike
1-1: Swinging Strike
1-2: Ball
2-2: Strikes out swinging
Batting: LHB Johnny Hernández 0-0: Called Strike
0-1: Fly out, F7 (Line Drive, 78M)
Top of the 4th over - 0 run(s), 0 hit(s), 0 error(s), 0 left on base; Hialeah 1 - Hamilton 2
BOTTOM OF THE 4TH
Hamilton Coyotes batting - Pitching for Hialeah Dodos : RHP Sexto Rodríguez
Batting: RHB Wei-qiang Mo 0-0: Ball
1-0: Ball
2-0: Fly out, F7 (Flyball, 7S)
Batting: LHB Tommy Sullivan 0-0: Ball
1-0: Ground out 1-3 (Groundball, 13)
Batting: RHB Júlio Rodríguez 0-0: SINGLE (Groundball, 56D)
Batting: RHB Jon Erickson 0-0: Ball
Júlio Rodríguez is caught stealing 2nd base
Bottom of the 4th over - 0 run(s), 1 hit(s), 0 error(s), 0 left on base; Hialeah 1 - Hamilton 2
TOP OF THE 5TH
Hialeah Dodos batting - Pitching for Hamilton Coyotes : RHP Marcos Mesa
Batting: LHB Jeff Conklin 0-0: Called Strike
0-1: Ball
1-1: DOUBLE (Line Drive, 9LD)
Batting: RHB Daniel Ruíz 0-0: Ball
1-0: Called Strike
1-1: Called Strike
1-2: Foul Ball, location: 2F
1-2: Ball
2-2: Foul Ball, location: 2F
2-2: Ground out 4-3 (Groundball, 4S)
Jeff Conklin to third
Batting: SHB Juan Ortega 0-0: Ball
1-0: Ball
2-0: Foul Ball, location: 2F
2-1: SINGLE (Groundball, 3D)
Jeff Conklin scores
Batting: RHB Jorge Salgado 0-0: Called Strike
0-1: Called Strike
0-2: Ball
Pickoff Throw to First - Error! E1
Juan Ortega to second
1-2: Ball
2-2: Ball
3-2: Fly out, F9 (Flyball, 89S)
Batting: RHB Armando García 0-0: Foul Ball, location: 2F
0-1: Ball
1-1: Called Strike
1-2: Ball
2-2: Ground out 6-3 (Groundball, 6)
Top of the 5th over - 1 run(s), 2 hit(s), 1 error(s), 1 left on base; Hialeah 2 - Hamilton 2
BOTTOM OF THE 5TH
Hamilton Coyotes batting - Pitching for Hialeah Dodos : RHP Sexto Rodríguez
Batting: RHB Jon Erickson 0-0: Ball
1-0: Ball
2-0: Ball
3-0: Base on Balls
Batting: LHB Tony Ríos 0-0: Bunted foul
0-1: Ball
1-1: Ball
2-1: Bunted foul
2-2: Ball
3-2: Foul Ball, location: 2F
3-2: Fielders Choice at 2nd, 6-4 (Groundball, 6)
Batting: LHB Manuel Sánchez 0-0: Ball
1-0: Called Strike
1-1: Ball
2-1: Fly out, F7 (Flyball, 7LMF)
Batting: RHB Alfredo Cardenas 0-0: Ball
1-0: Called Strike
1-1: Ball
2-1: Foul Ball, location: 2F
2-2: Foul Ball, location: 2F
2-2: Ball
3-2: SINGLE (Line Drive, 34D)
Tony Ríos to second
Tony Ríos to third
Batting: RHB José Icaza 0-0: Called Strike
0-1: SINGLE (Line Drive, 7S)
Tony Ríos scores
Alfredo Cardenas to second
Runner from 2nd tries for 3rd, SAFE, no throw
Batting: RHB Dani Trejo 0-0: Swinging Strike
0-1: Foul Ball, location: 2F
0-2: Hit by Pitch
José Icaza to second
Batting: RHB Wei-qiang Mo 0-0: Fly out, F8 (Flyball, 8LM)
Bottom of the 5th over - 1 run(s), 2 hit(s), 0 error(s), 3 left on base; Hialeah 2 - Hamilton 3
TOP OF THE 6TH
Hialeah Dodos batting - Pitching for Hamilton Coyotes : RHP Marcos Mesa
Batting: LHB Álex Burgos 0-0: Called Strike
0-1: Called Strike
0-2: Ball
1-2: SINGLE (Line Drive, 5D)
Batting: LHB Errol Levick 0-0: SINGLE (Line Drive, 3)
Álex Burgos to second
Batting: RHB Zander Bailey 0-0: Reached via error on a dropped throw, E6
Álex Burgos to third
Errol Levick to second
Batting: LHB Johnny Hernández 0-0: Called Strike
0-1: Ball
1-1: Foul Ball, location: 2F
1-2: Foul Ball, location: 2F
1-2: Fly out, F8 (Flyball, 8RS)
Runner from 3rd tags up, SCORES, no throw
Batting: LHB Jeff Conklin 0-0: Ball
1-0: Ball
2-0: Called Strike
2-1: Ball
3-1: Foul Ball, location: 2F
3-2: SINGLE (Flyball, 9LM)
Errol Levick to third
Zander Bailey to second
Batting: RHB Daniel Ruíz 0-0: Grounds into fielders choice 4-2 (Groundball, 34)
Zander Bailey to third
Jeff Conklin to second
Batting: SHB Juan Ortega 0-0: Foul Ball, location: 2F
0-1: Swinging Strike
0-2: Ball
1-2: Foul Ball, location: 2F
1-2: Ball
2-2: Ball
3-2: Foul Ball, location: 2F
3-2: Foul Ball, location: 2F
3-2: Foul Ball, location: 2F
3-2: Foul Ball, location: 2F
3-2: Base on Balls
Zander Bailey scores
Jeff Conklin to third
Daniel Ruíz to second
Batting: RHB Jorge Salgado 0-0: Ball
1-0: Ball
2-0: Called Strike
2-1: Foul Ball, location: 2F
2-2: Foul Ball, location: 2F
2-2: Foul Ball, location: 2F
2-2: Ball
3-2: Fly out, F9 (Flyball, 9S)
Top of the 6th over - 2 run(s), 3 hit(s), 1 error(s), 3 left on base; Hialeah 4 - Hamilton 3
BOTTOM OF THE 6TH
Hamilton Coyotes batting - Pitching for Hialeah Dodos : RHP Sexto Rodríguez
Batting: LHB Tommy Sullivan 0-0: Called Strike
0-1: Ball
1-1: Ball
2-1: Called Strike
2-2: Ground out U3 (Groundball, 3)
Batting: RHB Júlio Rodríguez 0-0: Called Strike
0-1: SINGLE (Line Drive, 6MD)
Batting: RHB Jon Erickson 0-0: Foul Ball, location: 2F
0-1: Grounds into double play, 6-4-3 (Groundball, 6)
Bottom of the 6th over - 0 run(s), 1 hit(s), 0 error(s), 0 left on base; Hialeah 4 - Hamilton 3
TOP OF THE 7TH
Hialeah Dodos batting - Pitching for Hamilton Coyotes : RHP Marcos Mesa
Batting: RHB Armando García 0-0: Ball
1-0: Ground out 5-3 (Groundball, 56)
Batting: LHB Álex Burgos 0-0: Ball
1-0: Ball
2-0: SINGLE (Flyball, 8RM)
Batting: LHB Errol Levick 0-0: Ball
1-0: Ball
2-0: Swinging Strike
2-1: Ball
3-1: Foul Ball, location: 2F
3-2: Foul Ball, location: 2F
3-2: Fly out, F8 (Flyball, 8LD)
Pitching: RHP John Ashley
Pinch Runner at 1st David Abreu:
Pinch Hitting: LHB Alfonso Núñez 0-0: Ball
1-0: Ground out 2-3 (Groundball, 2R)
Top of the 7th over - 0 run(s), 1 hit(s), 0 error(s), 1 left on base; Hialeah 4 - Hamilton 3
BOTTOM OF THE 7TH
Hamilton Coyotes batting - Pitching for Hialeah Dodos : RHP Sexto Rodríguez
Now at 1B: David Abreu
Now at SS: Gerald Sims
Batting: LHB Tony Ríos 0-0: Ball
1-0: Foul Ball, location: 2F
1-1: Ball
2-1: Ball
3-1: Base on Balls
Pinch Hitting: LHB Martín Núñes 0-0: Bunted foul
0-1: Ball
1-1: Sac Bunt - play at first, batter OUT! 2-4
Tony Ríos to second
Batting: RHB Alfredo Cardenas 0-0: Ball
1-0: Foul Ball, location: 2F
1-1: SINGLE (Line Drive, 7LM)
Tony Ríos to third
Batting: RHB José Icaza 0-0: Ball
1-0: Swinging Strike
1-1: Ball
2-1: Foul Ball, location: 2F
2-2: Foul Ball, location: 2F
2-2: Fly out, F7 (Flyball, 7LS)
Runner from 3rd tags up, SCORES, throw made
Pitching: LHP Travis Grant
Batting: RHB Dani Trejo 0-0: Ball
1-0: Fly out, F9 (Flyball, 9S)
Bottom of the 7th over - 1 run(s), 1 hit(s), 0 error(s), 1 left on base; Hialeah 4 - Hamilton 4
TOP OF THE 8TH
Hialeah Dodos batting - Pitching for Hamilton Coyotes : RHP John Ashley
Now at 3B: Sam Horton
Batting: LHB Johnny Hernández 0-0: Ball
1-0: SINGLE (Groundball, 4D)
Batting: LHB Jeff Conklin 0-0: Sac Bunt - play at first, batter OUT! 3-4
Johnny Hernández to second
Batting: RHB Daniel Ruíz 0-0: Ball
1-0: Ground out 6-3 (Groundball, 6)
Johnny Hernández to third
Batting: SHB Juan Ortega 0-0: Ball
1-0: Ball
2-0: Ball
3-0: Swinging Strike
3-1: Fly out, F3 (Popup, 34S)
Top of the 8th over - 0 run(s), 1 hit(s), 0 error(s), 1 left on base; Hialeah 4 - Hamilton 4
BOTTOM OF THE 8TH
Hamilton Coyotes batting - Pitching for Hialeah Dodos : LHP Travis Grant
Batting: RHB Wei-qiang Mo 0-0: Ground out 1-3 (Groundball, 13S)
Pinch Hitting: RHB Monty Sharp 0-0: Swinging Strike
0-1: Called Strike
0-2: Foul Ball, location: 2F
0-2: Foul Ball, location: 2F
0-2: Strikes out swinging
Batting: RHB Júlio Rodríguez 0-0: Ball
1-0: Ball
2-0: Swinging Strike
2-1: Foul Ball, location: 2F
2-2: SINGLE (Groundball, 56D)
Batting: RHB Jon Erickson 0-0: Ball
1-0: Ball
2-0: Foul Ball, location: 2F
2-1: Ball
3-1: Foul Ball, location: 2F
3-2: Fly out, F8 (Line Drive, 8RS)
Bottom of the 8th over - 0 run(s), 1 hit(s), 0 error(s), 1 left on base; Hialeah 4 - Hamilton 4
TOP OF THE 9TH
Hialeah Dodos batting - Pitching for Hamilton Coyotes : RHP John Ashley
Pitching: RHP John Riggleman
Now in LF: Monty Sharp
Pinch Hitting: RHB Lorenzo Ramírez 0-0: Called Strike
0-1: Ball
1-1: Ground out 4-3 (Groundball, 4)
Batting: RHB Armando García 0-0: Ball
1-0: Ground out 6-3 (Groundball, 6M)
Pinch Hitting: RHB Wilson Pérez 0-0: Ball
1-0: Ball
2-0: Called Strike
2-1: Foul Ball, location: 2F
2-2: Strikes out looking
Top of the 9th over - 0 run(s), 0 hit(s), 0 error(s), 0 left on base; Hialeah 4 - Hamilton 4
BOTTOM OF THE 9TH
Hamilton Coyotes batting - Pitching for Hialeah Dodos : LHP Travis Grant
Pitching: RHP Earnest Casey
Now at 1B: Lorenzo Ramírez
Now in LF: Wilson Pérez
Batting: LHB Tony Ríos 0-0: Ball
1-0: Ball
2-0: Called Strike
2-1: Called Strike
2-2: Foul Ball, location: 2F
2-2: Ground out 4-3 (Groundball, 4)
Pinch Hitting: SHB Jim Unknown 0-0: Called Strike
0-1: Called Strike
0-2: SINGLE (Flyball, 9LS)
Batting: RHB Alfredo Cardenas 0-0: Ball
1-0: Fly out, F9 (Flyball, 9S)
Batting: RHB José Icaza 0-0: Fly out, F7 (Flyball, 7S)
Bottom of the 9th over - 0 run(s), 1 hit(s), 0 error(s), 1 left on base; Hialeah 4 - Hamilton 4
TOP OF THE 10TH
Hialeah Dodos batting - Pitching for Hamilton Coyotes : RHP John Riggleman
Now at 3B: Jim Unknown
Batting: LHB Errol Levick 0-0: Ball
1-0: SINGLE (Line Drive, 9S)
Batting: RHB Gerald Sims 0-0: Ball
Wild Pitch!
Errol Levick to second
1-0: Ball
2-0: Ball
3-0: Base on Balls
Batting: LHB Johnny Hernández 0-0: Bunted foul
0-1: Bunted foul
0-2: Ball
1-2: Ball
2-2: Foul Ball, location: 2F
2-2: Ball
3-2: Foul Ball, location: 2F
3-2: Base on Balls
Errol Levick to third
Gerald Sims to second
Batting: LHB Jeff Conklin 0-0: Swinging Strike
0-1: Ball
Wild Pitch!
Errol Levick scores
Gerald Sims to third
Johnny Hernández to second
1-1: Ground out 1-3 (Groundball, 13S)
Pitching: LHP Jim Unknown
Batting: RHB Daniel Ruíz 0-0: Intentional Walk
Batting: SHB Juan Ortega 0-0: Ball
1-0: Called Strike
1-1: Ball
2-1: Foul Ball, location: 2F
2-2: SINGLE (Groundball, 34D)
Gerald Sims scores
Johnny Hernández to third
Daniel Ruíz to second
Runner from 3rd tries for Home, SAFE, no throw
Batting: RHB Lorenzo Ramírez 0-0: Ball
1-0: Swinging Strike
1-1: Ball
2-1: Foul Ball, location: 2F
2-2: Ball
3-2: Base on Balls
Daniel Ruíz to third
Juan Ortega to second
Batting: RHB Armando García 0-0: Ball
1-0: Foul Ball, location: 2F
1-1: Ball
2-1: Ball
3-1: Called Strike
3-2: Base on Balls
Daniel Ruíz scores
Juan Ortega to third
Lorenzo Ramírez to second
Batting: RHB Wilson Pérez 0-0: Swinging Strike
0-1: Called Strike
0-2: Ball
1-2: Strikes out swinging
Batting: LHB Errol Levick 0-0: Ball
1-0: Ball
2-0: Swinging Strike
2-1: Foul Ball, location: 2F
2-2: Ball
3-2: Base on Balls
Juan Ortega scores
Lorenzo Ramírez to third
Armando García to second
Batting: RHB Gerald Sims 0-0: Foul Ball, location: 2F
0-1: Fly out, F8 (Flyball, 89M)
Top of the 10th over - 5 run(s), 2 hit(s), 0 error(s), 3 left on base; Hialeah 9 - Hamilton 4
BOTTOM OF THE 10TH
Hamilton Coyotes batting - Pitching for Hialeah Dodos : RHP Earnest Casey
Now in RF: Steve McLeod
Batting: RHB Dani Trejo 0-0: Called Strike
0-1: Foul Ball, location: 2F
0-2: Strikes out swinging
Batting: RHB Wei-qiang Mo 0-0: Ball
1-0: SINGLE (Flyball, 78S)
Batting: RHB Monty Sharp 0-0: Ball
1-0: Called Strike
1-1: Foul Ball, location: 2F
1-2: Ball
2-2: Grounds into double play, 6-4-3 (Groundball, 6)
Bottom of the 10th over - 0 run(s), 1 hit(s), 0 error(s), 0 left on base; Hialeah 9 - Hamilton 4
Monday, March 20th, 2017 - OOTP Baseball 17.12 Build 75